 Dungeon Crawl Stone Soup version 0.19.1-1-g22dce08 (webtiles) character file.

54 theAP the Insei (level 3, -2/23 HPs)
             Began as an Octopode Transmuter on Jan 16, 2017.
             Slain by a goblin (3 damage)
             ... led by Robin
             ... on level 2 of the Dungeon.
             The game lasted 00:03:14 (833 turns).

theAP the Insei (Octopode Transmuter)                Turns: 833, Time: 00:03:15

Health: -2/23      AC:  1    Str: 10    XL:     3   Next: 91%
Magic:  6/6        EV: 10    Int: 20    God:
Gold:   72         SH:  6    Dex: 12    Spells: 1 memorised, 6 levels left

rFire  + . .     SeeInvis .       - Unarmed
rCold  + . .     Gourm    .     d - +0 shield
rNeg   . . .     Faith    .     (helmet restricted)
rPois  +         Spirit   .     k - amulet of regeneration
rElec  +         Reflect  .     (no ring)
rCorr  +         Harm     .     (no ring)
MR     .....                    (no ring)
Stlth  ++........               (no ring)
                                (no ring)
                                (no ring)
                                (no ring)
                                (no ring)

@: brilliant, resistant
A: almost no armour, stealthy swim, amphibious, 8 rings, constrict 8, camouflage
1, gelatinous body 1
a: no special abilities


You were on level 2 of the Dungeon.
You were not hungry.

You visited 1 branch of the dungeon, and saw 2 of its levels.

You collected 72 gold pieces.

Inventory:

Missiles
 a - 34 arrows
Armour
 d - a +0 shield (worn)
Jewellery
 k - an amulet of regeneration (around mantle)
Scrolls
 g - a scroll of magic mapping {unknown}
Books
 b - a book of Changes

   Spells                             Type                      Level
   a - Beastly Appendage              Transmutation                1
   b - Sticks to Snakes               Transmutation                2
   c - Spider Form                    Transmutation/Poison         3
   d - Ice Form                       Ice/Transmutation            4
   e - Blade Hands                    Transmutation                5
Comestibles
 c - 3 bread rations


   Skills:
 + Level 1.4 Fighting
 - Level 2.1 Dodging
 * Level 3.6 Unarmed Combat
 + Level 2.5 Spellcasting
 + Level 2.6 Transmutations


You had 6 spell levels left.
You knew the following spells:

 Your Spells              Type           Power        Failure   Level  Hunger
a - Beastly Appendage     Tmut           ###...       4%          1    None


Dungeon Overview and Level Annotations

Branches:
Dungeon (2/15)

Altars:


Innate Abilities, Weirdness & Mutations

You cannot wear most types of armour.
You are very stealthy in the water. (Stealth+)
You are amphibious.
You can wear up to eight rings at the same time.
You can use your tentacles to constrict eight enemies at once.
Your skin changes colour to match your surroundings (Stealth+).
Your rubbery body absorbs attacks. (AC +1, EV +1)


Message History

Robin hits you with a whip!
You are too confused!
You are too confused!
You feel less invigorated.
You feel less confused. Robin throws the goblin at you!
You barely miss Robin. Your grab misses Robin.
You squeeze Robin, but do no damage. Robin hits you with a whip.
The goblin hits you but does no damage. The goblin hits you.
You tentacle-slap Robin. You grab Robin.
Robin is lightly wounded.
You constrict Robin. You block Robin's attack. The goblin hits you.
* * * LOW HITPOINT WARNING * * *
The goblin barely misses you.
You tentacle-slap Robin. You squeeze Robin!
You kill Robin!
The goblin hits you.
* * * LOW HITPOINT WARNING * * *
The goblin hits you.
You die...

....# ..... # ....
#. #..# ###
#..#... ..#
#..#..####.#
#...!g...#.#
#....@...#.###.#
#....##)g#.#.....#
##.# #.....†#####
#.##....#.#
#.>...?....#
.....##....####
.... ##..##### ...
#......# .?
#######.#


You could see 2 goblins.

Vanquished Creatures
  Robin (D:2)
  An ooze (D:1)
  A giant cockroach (D:1)
  9 goblins
  9 hobgoblins
  7 kobolds (D:1)
  A quokka (D:2)
  A ball python (D:1)
  4 bats
  4 rats (D:1)
38 creatures vanquished.

Notes
Turn   | Place    | Note
-------+----------+-------------------------------------------
     0 | D:1      | theAP the Octopode Transmuter began the quest for the Orb.
     0 | D:1      | Reached XP level 1. HP: 13/13 MP: 3/3
    25 | D:1      | Reached XP level 2. HP: 4/18 MP: 5/5
   414 | D:1      | Reached XP level 3. HP: 13/23 MP: 6/6
   791 | D:2      | Noticed Robin
   803 | D:2      | HP: 1/23 [goblin[Robin] (6)]
   833 | D:2      | Killed Robin
   833 | D:2      | HP: 1/23 [goblin[Robin] (6)]
   833 | D:2      | Slain by a goblin

Action                   || total
-------------------------++-------
Melee: Unarmed           ||    85
       Constrict         ||    26
       Tentacles         ||    14
       Punch             ||     2
  Use: Potion            ||     7
       Scroll            ||     4
 Stab: Sleeping          ||     4
       Distracted        ||     1
Armor: Skin              ||    11
Dodge: Dodged            ||    49
Block: Shield            ||    20
